 Dungeon Crawl Stone Soup version 0.22-b1-21-g5cfc168 (webtiles) character file.

2384 tev the Cleaver (level 9, 0/78 HPs)
             Began as a Minotaur Berserker on Aug 5, 2018.
             Was a Priest of Trog.
             Hit by a javelin of returning thrown by a centaur (8 damage)
             ... in a bailey.
             The game lasted 00:27:28 (6617 turns).

tev the Cleaver (Minotaur Berserker)                Turns: 6617, Time: 00:27:28

Health: 0/78       AC:  9    Str: 29    XL:     9   Next: 22%
Magic:  8/8        EV: 13    Int:  4    God:    Trog [***...]
Gold:   398        SH:  0    Dex: 10    Spells: 8/8 levels left

rFire    + . .     SeeInvis .   v - +1 hand axe (freeze)
rCold    . . .     Gourm    +   (no shield)
rNeg     . . .     Faith    .   y - +3 leather armour of Hedging {rElec rPois rF+ Str+4}
rPois    +         Spirit   .   (helmet restricted)
rElec    +         Reflect  .   n - +0 cloak
rCorr    .         Harm     .   e - +0 pair of gloves
MR       ++...                  (no boots)
Stlth    +.........             u - amulet of the gourmand
HPRegen  1.23/turn              q - ring of poison resistance
MPRegen  0.11/turn              (no ring)

@: berserk cooldown, regenerating, slowed, very slow
A: retaliatory headbutt, horns 2
a: Berserk, Trog's Hand, Renounce Religion


You were in a bailey.
You worshipped Trog.
Trog was most pleased with you.
You were very full.

You visited 1 branch of the dungeon, and saw 7 of its levels.
You also visited: Bailey.

You collected 398 gold pieces.

Inventory:

Hand Weapons
 v - a +1 hand axe of freezing (weapon)
Armour
 e - a +0 pair of gloves (worn)
 n - a +0 cloak (worn)
 y - the +3 leather armour of Hedging (worn) {rElec rPois rF+ Str+4}
   (You found it on level 5 of the Dungeon)

   It affects your strength (+4).
   It protects you from fire.
   It insulates you from electricity.
   It protects you from poison.
Jewellery
 q - a ring of poison resistance (left hand)
 u - an amulet of the gourmand (around neck)
Wands
 w - a wand of enslavement (12)
Scrolls
 b - a scroll of blinking {unknown}
 d - a scroll of random uselessness {unknown}
 g - 2 scrolls of amnesia {unknown}
 j - a scroll of teleportation {unknown}
 k - 4 scrolls of remove curse
 l - 10 scrolls of identify
 m - 2 scrolls of magic mapping {unknown}
 r - a scroll of fog
 z - a scroll of enchant armour {unknown}
 A - a scroll of fear {unknown}
Potions
 a - a potion of berserk rage {unknown}
 f - 2 potions of flight {unknown}
 h - 2 potions of haste
 i - a potion of curing
 p - a potion of degeneration {unknown}
 s - a potion of brilliance {unknown}
 t - a potion of agility {unknown}
Comestibles
 c - 11 rations
 o - 3 chunks of flesh


   Skills:
 + Level 6.8 Fighting
 * Level 11.6 Axes
 + Level 6.4 Armour
 + Level 4.8 Dodging


You had 8 spell levels left.
You didn't know any spells.
Your spell library was empty.

Dungeon Overview and Level Annotations

Branches:
Dungeon (7/15)             Temple (0/1) D:5

Altars:
Cheibriados
Fedhas
Hepliaklqana
Nemelex Xobeh
Okawaru
Uskayaw
Zin
The Shining One


Innate Abilities, Weirdness & Mutations

You reflexively headbutt those who attack you in melee.
You have a pair of horns on your head.


Message History

You closely miss the orc warrior.
The orc warrior is severely wounded.
You are no longer berserk.
You are exhausted.
You feel yourself slow down.
You hit the orc warrior. You freeze the orc warrior.
The orc warrior is almost dead.
The orc warrior hits you with a glaive.
* * * LOW HITPOINT WARNING * * *
Unknown command.
You closely miss the orc warrior. Your headbutt misses the orc warrior.
The orc warrior is almost dead.
The orc warrior completely misses you.
The orc warrior hits you but does no damage.
You slash the orc warrior! You freeze the orc warrior.
You kill the orc warrior!
Trog accepts your kill.
The centaur throws a javelin of returning.
The javelin of returning hits you!
You die...

≈≈.≈≈≈..≈≈≈≈≈≈≈
.....≈≈≈c.≈≈≈≈≈
...o...≈≈≈.≈≈≈≈
.≈≈≈.....≈.≈≈≈≈
.≈≈≈≈≈..⌠.≈≈.≈≈≈
.≈≈≈≈≈.o...≈.≈≈≈
≈≈≈≈≈≈≈.)..≈≈.≈≈
.≈≈≈≈≈o≈.@...≈c≈≈
..≈≈≈:≈≈≈.....≈.≈≈
...≈≈≈!≈≈§§§.§.≈.≈≈
....≈≈≈:≈≈§)§§..≈.≈≈
....≈≈≈≈§≈§§§§..≈.≈≈
....≈≈≈≈≈§§§§.§≈≈.≈≈
.....≈≈≈≈§§(...≈.≈≈≈
≈.⌠..≈≈≈≈≈(.⌠.≈≈.≈≈≈
≈.....≈≈≈.....≈.≈≈≈≈


You could see 2 orc warriors, 2 centaurs and an orc.

Vanquished Creatures
  Duvessa (D:6)
  A sky beast (D:6)
  7 orc warriors (Bailey)
  4 centaurs
  2 bullfrogs (D:6)
  Dowan (D:6)
  2 scorpions (D:5)
  4 wights (D:7)
  3 crimson imps
  A jelly (D:5)
  2 hounds
  Crazy Yiuf (D:5)
  2 bullfrog skeletons
  An orc wizard (D:5)
  An iguana (D:4)
  4 worker ants
  A killer bee zombie (D:6)
  3 hound skeletons
  A howler monkey zombie (D:6)
  10 adders
  6 gnolls
  2 shadow imps
  An adder zombie (D:6)
  4 worms
  A dart slug (D:1)
  3 leopard geckos
  22 orcs
  7 bats
  4 giant cockroaches
  4 goblins (D:1)
  7 hobgoblins
  2 jackals (D:7)
  4 kobolds
  A quokka (D:5)
  A ball python (D:6)
  3 frilled lizards
  A jackal skeleton (D:5)
  5 rats
130 creatures vanquished.

Notes
Turn   | Place    | Note
-------+----------+-------------------------------------------
     0 | D:1      | tev the Minotaur Berserker began the quest for the Orb.
     0 | D:1      | Reached XP level 1. HP: 19/19 MP: 0/0
   149 | D:1      | Reached skill level 4 in Axes
   149 | D:1      | Reached XP level 2. HP: 22/27 MP: 1/1
   943 | D:2      | Noticed a crimson imp
   965 | D:2      | Killed a crimson imp
   965 | D:2      | Reached XP level 3. HP: 32/33 MP: 2/2
  1177 | D:2      | Reached skill level 5 in Axes
  1177 | D:2      | Reached XP level 4. HP: 40/40 MP: 3/3
  1281 | D:2      | Reached ** piety under Trog
  1748 | D:3      | Found a snail-covered altar of Cheibriados.
  1748 | D:3      | Found a glowing silver altar of Zin.
  1753 | D:3      | Found a hazy altar of Hepliaklqana.
  1753 | D:3      | Found a hide-covered altar of Uskayaw.
  1753 | D:3      | Found an iron altar of Okawaru.
  1754 | D:3      | Found a sparkling altar of Nemelex Xobeh.
  1920 | D:3      | Reached XP level 5. HP: 37/47 MP: 4/4
  2124 | D:3      | Found a glowing golden altar of the Shining One.
  2807 | D:4      | Reached skill level 6 in Axes
  3408 | D:5      | Entered Level 5 of the Dungeon
  3421 | D:5      | Reached XP level 6. HP: 47/53 MP: 5/5
  3567 | D:5      | Reached skill level 7 in Axes
  3676 | D:5      | Reached skill level 5 in Fighting
  3676 | D:5      | Reached XP level 7. HP: 34/61 MP: 6/6
  3869 | D:5      | Found a runed door.
  3873 | D:5      | Noticed Crazy Yiuf
  3877 | D:5      | Killed Crazy Yiuf
  3877 | D:5      | Reached skill level 8 in Axes
  3877 | D:5      | Reached skill level 5 in Armour
  4118 | D:5      | Found a staircase to the Ecumenical Temple.
  4188 | D:5      | Got a brightly glowing leather armour
  4199 | D:5      | Identified the +3 leather armour of Hedging {rElec rPois rF+ Str+4} (You found it on level 5 of the Dungeon)
  4433 | D:6      | Reached *** piety under Trog
  4549 | D:6      | Reached skill level 9 in Axes
  4591 | D:6      | Reached XP level 8. HP: 66/69 MP: 7/7
  4648 | D:6      | Found a blossoming altar of Fedhas.
  4728 | D:6      | Noticed Duvessa
  4728 | D:6      | Noticed Dowan
  4735 | D:6      | Killed Duvessa
  4740 | D:6      | Killed Dowan
  4867 | D:7      | Found a blossoming altar of Fedhas.
  4941 | D:7      | Reached skill level 10 in Axes
  5313 | D:7      | Found a flagged portal.
  5323 | Bailey   | Entered a bailey
  5343 | Bailey   | HP: 3/70 [centaur/javelin of returning (11)]
  5372 | Bailey   | Received a gift from Trog
  5852 | Bailey   | Reached skill level 11 in Axes
  6044 | Bailey   | Reached XP level 9. HP: 34/78 MP: 8/8
  6617 | Bailey   | Hit by a javelin of returning thrown by a centaur

Skill      XL: |  1  2  3  4  5  6  7  8 |
---------------+-------------------------+-----
Axes           | 4 5 6 7 9 11 | 11.6
Fighting       | 4 5 6 |  6.8
Armour         | 3 4 5 6 |  6.4
Dodging        | 3 4 |  4.8

Action                   |  1- 3 |  4- 6 |  7- 9 || total
-------------------------+-------+-------+-------++-------
Melee: Hand axe          |    48 |   160 |   232 ||   440
       Headbutt          |     9 |    31 |    42 ||    82
Invok: Berserk           |       |       |     6 ||     6
       Trog's Hand       |       |       |     3 ||     3
  Use: Scroll            |       |     2 |     2 ||     4
       Potion            |       |       |     4 ||     4
  Eat: Chunk             |     1 |    13 |    15 ||    29
       Ration            |       |     1 |       ||     1
Armor: Ring mail         |    14 |    56 |     8 ||    78
       Leather armour    |       |       |    54 ||    54
Dodge: Dodged            |    18 |    96 |   153 ||   267
